 Dungeon Crawl Stone Soup version 0.25.0-9-g26727b657a (webtiles) character file.

Game seed: 15043958643428700535

121 Exodus22XD the Poker (level 4, -3/34 HPs)
             Began as a Demonspawn Gladiator on June 20, 2020.
             Slain by Sigmund
             ... wielding a +0 scythe
              (9 damage)
             ... on level 3 of the Dungeon.
             The game lasted 00:01:57 (2240 turns).

Exodus22XD the Poker (Demonspawn Gladiator)         Turns: 2240, Time: 00:01:57

Health: -3/34      AC:  7    Str: 16    XL:     4   Next: 76%
Magic:  0/4        EV: 11    Int:  9    God:
Gold:   101        SH:  0    Dex: 14    Spells: 3/3 levels left

rFire    + . .     SeeInvis .   a - +0 trident
rCold    x . .     Gourm    .   (no shield)
rNeg     . . .     Faith    .   j - +0 scale mail
rPois    .         Spirit   +   c - +0 helmet
rElec    .         Reflect  .   (no cloak)
rCorr    .         Harm     .   (no gloves)
MR       .....                  (no boots)
Stlth    ..........             q - amulet of guardian spirit
HPRegen  0.11/turn              o - ring of fire
MPRegen  0.09/turn              (no ring)

@: no status effects
A: rot immunity
a: no special abilities


You were on level 3 of the Dungeon.
You were not hungry.

You visited 1 branch of the dungeon, and saw 3 of its levels.

You collected 101 gold pieces.

Inventory:

Hand Weapons
 a - a +0 trident (weapon)
Missiles
 d - 3 throwing nets (quivered)
Armour
 b - a +0 leather armour
 c - a +0 helmet (worn)
 j - a +0 scale mail (worn)
Jewellery
 o - a ring of fire (left hand)
 q - an amulet of guardian spirit (around neck)
Scrolls
 e - 2 scrolls of remove curse {unknown}
 i - 3 scrolls of identify {unknown}
 k - a scroll of random uselessness {unknown}
 l - a scroll of fear {unknown}
 n - a scroll of magic mapping {unknown}
 p - 2 scrolls of teleportation {unknown}
Potions
 g - a potion of berserk rage {unknown}
 m - a potion of might {unknown}
Comestibles
 f - 2 rations


   Skills:
 + Level 2.5 Fighting
 + Level 4.4 Polearms
 + Level 1.8 Throwing
 + Level 0.6 Armour
 + Level 3.1 Dodging


You had 3 spell levels left.
You didn't know any spells.
Your spell library was empty.

Dungeon Overview and Level Annotations

Branches:
Dungeon (3/15)

Altars:

Annotations:
D:3 Sigmund


Innate Abilities, Weirdness & Mutations

You are immune to rotting.


Message History

You bump into the rock wall.
Sigmund completely misses you. Sigmund closely misses you.
You bump into the translucent rock wall.
Sigmund casts a spell at you. You resist with some effort.
Sigmund casts a spell.
Sigmund flickers and vanishes!
Deactivating autopickup; reactivate with Ctrl-A.
You hear some strange, mumbled words.
A puff of flame appears from out of thin air!
The puff of flame hits you. You resist.
You bump into the rock wall.
Something hits you but does no damage.
You miss something. Something hits you.
You barely miss something.
You feel less confused. Something hits you.
You closely miss something. Something hits you!
* * * LOW HITPOINT WARNING * * *
You miss something. Something hits you!
You die...

# ## .## ... $...#
#. #.## ......
#.##...####..#.#.
.......... .....
#.#.#.#.#.#?.#.#.
...#.......#......
#.....#.#.#@..#
#...#......{#.#
#.....#.#.#...#
#...#.......#.###
#.................
#....(............
..##.#)####..#####
#.#.# #..#
..##.#.####..#


There were no monsters in sight!

Vanquished Creatures
  A hound skeleton (D:2)
  A gnoll (D:1)
  2 adders (D:2)
  An ooze (D:2)
  A worm (D:2)
  A dart slug (D:1)
  6 giant cockroaches
  15 goblins
  6 hobgoblins
  5 jackals
  3 quokkas (D:2)
  9 bats
  A frilled lizard (D:1)
  7 kobolds
  7 rats
66 creatures vanquished.

Notes
Turn   | Place    | Note
-------+----------+-------------------------------------------
     0 | D:1      | Exodus22XD the Demonspawn Gladiator began the quest for the
                  | Orb.
     0 | D:1      | Reached XP level 1. HP: 16/16 MP: 1/1
    49 | D:1      | Gained mutation: You are immune to rotting. [demonic
                  | ancestry]
    49 | D:1      | Reached XP level 2. HP: 21/22 MP: 2/2
    57 | D:1      | Reached skill level 3 in Polearms
   403 | D:1      | Reached XP level 3. HP: 28/28 MP: 3/3
   900 | D:2      | Found a faded altar of an unknown god.
  1203 | D:2      | Reached XP level 4. HP: 23/34 MP: 2/4
  1205 | D:2      | Reached skill level 4 in Polearms
  2222 | D:3      | Noticed Sigmund
  2240 | D:3      | Slain by Sigmund

Illustrated notes

Levels and vault maps discovered:
D:1:      giann_bridges, layout_basic, minmay_heptomino_l4
D:2:      layout_loops_ring, chequers_ecumenical_altar_simple
D:3:      layout_basic, tgw_sif, serial_glass, glass_columns_c, glass_columns_b,
          glass_columns_c, glass_columns_b, glass_columns_b, glass_columns_a,
          feat_on_display, item_on_display_a, due_unseen_surprise, first_ration,
          uniq_sigmund, uniq_robin

Skill      XL: |  1  2  3  4 |
---------------+-------------+-----
Dodging        | 3 |  3.1
Polearms       | 3 4 |  4.4
Fighting       | |  2.5
Throwing       | |  1.8
Armour         | |  0.6

Action                   |  1- 3 |  4- 6 || total
-------------------------+-------+-------++-------
Melee: Trident           |   109 |    88 ||   197
  Use: Potion            |     1 |       ||     1
 Stab: Sleeping          |     1 |       ||     1
  Eat: Chunk             |     1 |     3 ||     4
Armor: Leather armour    |    11 |       ||    11
       Scale mail        |    27 |    47 ||    74
Dodge: Dodged            |    45 |    33 ||    78
